 Dungeon Crawl Stone Soup version 0.29.0-15-g675c0067aa (webtiles) character file.

Game seed: 3703220646472259989

15071 qw the Severer (level 11, -2/99 HPs)
             Began as a Minotaur Berserker on Sept 12, 2022.
             Was an Elder of Trog.
             Killed from afar by Fannar (20 damage)
             ... with a bolt of cold
             ... on level 11 of the Dungeon.
             The game lasted 00:03:53 (12500 turns).

qw the Severer (Minotaur Berserker)                Turns: 12500, Time: 00:03:53

Health: -2/99      AC: 27    Str: 26    XL:     11   Next: 97%
Magic:  10/10      EV:  4    Int:  7    God:    Trog [****..]
Gold:   25         SH:  7    Dex: 10    Spells: 10/10 levels left

rFire   + . .      SeeInvis +   Y - +1 broad axe (protect)
rCold   . . .      Faith    .   y - +2 buckler
rNeg    . . .      Spirit   .   c - +0 plate armour {rPois}
rPois   +          Reflect  .   (helmet restricted)
rElec   .          Harm     .   l - +1 cloak
rCorr   .          Rampage  .   (no gloves)
Will    .....                   e - +2 pair of boots
Stlth   ..........              q - amulet of the acrobat
HPRegen 0.26/turn               h - ring of Reimbursement {rF+ Int+3 SInv}
MPRegen 0.12/turn               A - +4 ring of slaying {mikee}

@: about to teleport, petrifying, under a protective aura, on berserk cooldown,
very slow
A: horns 2, retaliatory headbutt
a: Renounce Religion, Berserk, Trog's Hand, Brothers in Arms


You were on level 11 of the Dungeon.
You worshipped Trog.
Trog was greatly pleased with you.
You visited 1 branch of the dungeon, and saw 11 of its levels.
You also visited: Sewer.

You collected 457 gold pieces.
You spent 432 gold pieces at shops.


Innate Abilities, Weirdness & Mutations

You have a pair of horns on your head.
You reflexively headbutt those who attack you in melee.


   Skills:
 - Level 10.0 Fighting
 + Level 17.6 Axes
 - Level 3.1 Throwing
 - Level 9.4 Armour
 - Level 3.2 Dodging
 - Level 6.5 Shields


You had 10 spell levels left.
You didn't know any spells.
Your spell library was empty.

Inventory:

Hand Weapons
 g - a +0 morningstar
 x - the +7 flail of the Endless March {holy, rCorr SInv}
   (You found it on level 9 of the Dungeon)

   It has been blessed by the Shining One to cause great damage to the undead
   and demons.
   SInv:      It lets you see invisible.
   rCorr:     It protects you from acid and corrosion.
 Y - a +1 broad axe of protection (weapon)
Missiles
 b - 3 boomerangs (quivered)
Armour
 c - a +0 plate armour of poison resistance (worn)
 d - the +1 cloak of Starlight {*Dazzle EV+4 Stlth--}
   (You found it on level 11 of the Dungeon)

   It may blind those who miss an attack against the wearer in melee combat.
   EV:        It affects your evasion (+4).
   Stlth:     It makes you much less stealthy.
 e - a +2 pair of boots (worn)
 l - a +1 cloak (worn)
 y - a +2 buckler (worn)
 z - a +0 plate armour of cold resistance
Jewellery
 f - an amulet of guardian spirit
 h - the ring of Reimbursement (left hand) {rF+ Int+3 SInv}
   (You acquired it on level 8 of the Dungeon)

   [ring of protection from fire]

   Int:       It affects your intelligence (+3).
   rF:        It protects you from fire.
   SInv:      It lets you see invisible.
 o - a ring of protection from cold
 q - an amulet of the acrobat (around neck)
 v - a ring of willpower
 A - a +4 ring of slaying (right hand) {mikee}
Scrolls
 j - 5 scrolls of teleportation
 p - a scroll of identify
Potions
 a - 6 potions of curing
 m - a potion of might
 r - a potion of haste
 s - 2 potions of resistance
 t - a potion of magic {unknown}

Dungeon Overview and Level Annotations

Branches:
Dungeon (11/15)            Temple (0/1) D:6           Sewer (visited)
   Lair: D:8-11         Orc: D:9-12

Altars:
Ashenzari
Dithmenos
Elyvilon
Gozag
Nemelex Xobeh
Okawaru
Ru
Wu Jian
The Shining One

Shops:
D:3 :   D:10 *

Annotations:
D:11 Fannar


Message History

The troll claws you but does no damage.
The ice beast hits you but does no damage.
You slash the ice beast!
You kill the ice beast!
The ice beast disappears in a puff of smoke!
You miss Fannar. You hit the troll. Fannar hits you but does no damage.
The troll bites you! The troll claws you!
The troll claws you but does no damage.
12497 ||| READING 6 scrolls of teleportation.
As you read the scroll of teleportation, it crumbles to dust.
You feel strangely unstable.
You block the troll's attack. x2; The troll claws you but does no damage.
You closely miss the troll.
The troll is heavily wounded.
You slash the ice beast! You miss the basilisk. The basilisk gazes at you.
You are slowing down.
The troll bites you but does no damage. The troll claws you.
The troll barely misses you.
Fannar points at you and mumbles some strange words.
The bolt of cold hits the ice beast.
The ice beast completely resists.
The bolt of cold misses you.
You closely miss the troll. You headbutt the troll!
The troll is severely wounded.
You completely miss the basilisk. You slash the ice beast!
The ice beast hits you but does no damage.
You block the troll's attack. The troll claws you but does no damage.
You block the troll's attack.
The basilisk bites you but does no damage.
Your limbs are stiffening.
You closely miss the ice beast. Your headbutt misses the ice beast.
The ice beast is severely wounded.
You slash the troll!
You kill the troll!
Trog accepts your kill.
You closely miss the basilisk. You slash Fannar!
The ice beast hits you but does no damage.
Fannar gestures at you while chanting. The bolt of cold hits you!!
You die...

#....#
#....# .
#....#
..#+##....#
#.<......#
#........#
#....l%..#
#....Y@..#
#....e...#
###......#
#......#
#......#
#......#
#......#
########


You could see Fannar, a basilisk and an ice beast (summoned).

Vanquished Creatures
  An entropy weaver (shapeshifter) (D:11)
  Snorg (D:10)
  2 boulder beetles
  2 centaur warriors
  A two-headed ogre (D:9)
  A tengu warrior (D:8)
  2 skeletal warriors
  2 ugly things (D:9)
  2 gargoyles
  A komodo dragon (D:10)
  An unseen horror (D:10)
  A yaktaur (D:9)
  A kobold demonologist (D:9)
  A tengu conjurer (D:9)
  A troll (D:11)
  A shadow (D:10)
  3 wyverns (D:8)
  A wraith (D:11)
  10 yaks
  2 steam dragons
  2 water moccasins
  A sky beast (D:6)
  An orc warrior (D:10)
  2 ice beasts
  3 ogres
  2 centaurs
  6 kobold brigands
  3 bullfrogs
  2 gnoll sergeants
  A necrophage (D:4)
  3 scorpions
  7 wights
  14 killer bees
  2 howler monkeys
  2 hounds (D:5)
  6 orc priests
  A gnoll bouda (D:6)
  2 jellies (D:4)
  4 iguanas
  9 orc wizards
  Robin (D:4)
  15 gnolls
  7 adders
  A shadow imp (D:6)
  2 white imps
  An ufetubus (D:5)
  2 worms
  3 dart slugs
  26 orcs
  6 endoplasms
  4 giant cockroaches
  10 goblins
  11 hobgoblins
  9 jackals
  4 quokkas
  8 ball pythons
  5 bats
  3 frilled lizards
  25 kobolds
  5 rats
258 creatures vanquished.

Vanquished Creatures (others)
  7 plants
7 creatures vanquished.

Grand Total: 265 creatures vanquished

Notes
Turn   | Place    | Note
-------+----------+-------------------------------------------
     0 | D:1      | qw the Minotaur Berserker began the quest for the Orb.
     0 | D:1      | Reached XP level 1. HP: 19/19 MP: 0/0
     0 | D:1      | 0 ||| qw: Version: 0.1-a-119-g272c26d
     0 | D:1      | 0 ||| qw: Game counter: 10777
     0 | D:1      | 0 ||| qw: Always use a shield: true
     0 | D:1      | 0 ||| qw: Do Orc after D:15 true
     0 | D:1      | 0 ||| qw: Do second Lair branch before Depths: true
     0 | D:1      | 0 ||| qw: Lair rune preference: random
     0 | D:1      | 0 ||| qw: Plans: Normal
     0 | D:1      | 0 ||| PLANNING D:1-11
    25 | D:1      | 25 ||| Stepping ~*~*~tactically~*~*~ (hiding).
    31 | D:1      | HP: 4/19 [kobold/+0 whip (5)]
    32 | D:1      | 32 ||| INVOKING Berserk.
   272 | D:1      | 272 ||| Stepping ~*~*~tactically~*~*~ (hiding).
   374 | D:1      | 374 ||| Stepping ~*~*~tactically~*~*~ (hiding).
   476 | D:1      | 476 ||| Stepping ~*~*~tactically~*~*~ (hiding).
   484 | D:1      | Reached skill level 4 in Axes
   525 | D:1      | Reached XP level 2. HP: 26/26 MP: 1/1
   555 | D:1      | 555 ||| Stepping ~*~*~tactically~*~*~ (stealth).
   660 | D:1      | 660 ||| Stepping ~*~*~tactically~*~*~ (stealth).
   905 | D:1      | 905 ||| Stepping ~*~*~tactically~*~*~ (stealth).
   907 | D:1      | 907 ||| Stepping ~*~*~tactically~*~*~ (stealth).
   965 | D:1      | 965 ||| Stepping ~*~*~tactically~*~*~ (stealth).
   966 | D:1      | 966 ||| Stepping ~*~*~tactically~*~*~ (stealth).
   972 | D:1      | Reached skill level 5 in Axes
   982 | D:1      | Reached XP level 3. HP: 20/31 MP: 2/2
  1459 | D:1      | 1459 ||| UPGRADING to +0 ring mail.
  1469 | D:1      | 1469 ||| DROPPING +0 animal skin.
  1470 | D:1      | 1470 ||| UPGRADING to +0 cloak.
  1475 | D:1      | 1475 ||| UPGRADING to ring of protection from cold.
  1476 | D:1      | 1476 ||| READING scroll labelled MAG XOECROXUTY.
  1477 | D:1      | 1477 ||| READING 2 scrolls labelled JOPPON YBIM.
  1478 | D:1      | 1478 ||| READING scroll labelled QACZOMP EKANLO.
  1479 | D:1      | 1479 ||| READING 3 scrolls labelled TACUPE UNEMACA.
  1480 | D:1      | 1480 ||| READING scroll labelled YNLACI HAYBRA.
  1485 | D:1      | 1485 ||| DROPPING scroll of butterflies.
  1486 | D:1      | 1486 ||| DROPPING 2 scrolls of blinking.
  1501 | D:2      | 1501 ||| Stepping ~*~*~tactically~*~*~ (stealth).
  1504 | D:2      | 1504 ||| Stepping ~*~*~tactically~*~*~ (hiding).
  1508 | D:2      | 1508 ||| INVOKING Berserk.
  1518 | D:2      | Reached skill level 6 in Axes
  1518 | D:2      | Reached XP level 4. HP: 39/39 MP: 3/3
  1553 | D:2      | 1553 ||| FLEEEEING.
  1554 | D:2      | 1554 ||| FLEEEEING.
  1555 | D:2      | 1555 ||| FLEEEEING.
  1556 | D:2      | 1556 ||| STAIRDANCE
  1661 | D:2      | Reached ** piety under Trog
  1672 | D:2      | 1672 ||| SWAPPING to +0 broad axe.
  1673 | D:2      | 1673 ||| DROPPING +0 hand axe.
  1674 | D:2      | Found a faded altar of an unknown god.
  1985 | D:2      | 1985 ||| Stepping ~*~*~tactically~*~*~ (stealth).
  2047 | D:2      | 2047 ||| Stepping ~*~*~tactically~*~*~ (stealth).
  2232 | D:2      | Reached skill level 7 in Axes
  2232 | D:2      | Reached XP level 5. HP: 43/45 MP: 4/4
  2459 | D:2      | 2459 ||| UPGRADING to +0 chain mail.
  2469 | D:2      | 2469 ||| DROPPING +0 ring mail.
  2470 | D:2      | 2470 ||| READING scroll labelled HODA RIESYARAVY.
  2471 | D:2      | 2471 ||| READING scroll labelled ZITHICW YMNIA.
  2572 | D:2      | 2572 ||| DRINKING 2 bubbling silvery potions.
  2677 | D:2      | 2677 ||| DROPPING potion of berserk rage.
  2714 | D:3      | 2714 ||| Stepping ~*~*~tactically~*~*~ (stealth).
  3001 | D:3      | Found Jughi Geotz's Book Shoppe.
  3078 | D:3      | Found an opulent altar of Gozag.
  3231 | D:3      | 3231 ||| UPGRADING to +0 plate armour.
  3241 | D:3      | 3241 ||| DROPPING +0 chain mail.
  3242 | D:3      | 3242 ||| READING scroll labelled RACLOE GU YGANUT.
  3243 | D:3      | 3243 ||| READING scroll labelled HOSOOM KEDIXO.
  3384 | D:3      | 3384 ||| READING scroll labelled IPPAED SIDUNOV.
  3385 | D:3      | 3385 ||| DRINKING 3 green potions.
  3386 | D:3      | 3386 ||| DRINKING 2 puce potions.
  3432 | D:4      | 3432 ||| Stepping ~*~*~tactically~*~*~ (stealth).
  3434 | D:4      | 3434 ||| Stepping ~*~*~tactically~*~*~ (hiding).
  3438 | D:4      | 3438 ||| INVOKING Berserk.
  3443 | D:4      | Reached skill level 3 in Armour
  3472 | D:4      | 3472 ||| Stepping ~*~*~tactically~*~*~ (stealth).
  3473 | D:4      | 3473 ||| Stepping ~*~*~tactically~*~*~ (stealth).
  3493 | D:4      | 3493 ||| Stepping ~*~*~tactically~*~*~ (stealth).
  3495 | D:4      | 3495 ||| INVOKING Berserk.
  3500 | D:4      | Reached XP level 6. HP: 52/52 MP: 5/5
  3505 | D:4      | 3505 ||| Stepping ~*~*~tactically~*~*~ (stealth).
  3579 | D:4      | 3579 ||| DROPPING +0 whip.
  3691 | D:4      | Noticed Robin
  3692 | D:4      | 3692 ||| Stepping ~*~*~tactically~*~*~ (hiding).
  3694 | D:4      | 3694 ||| INVOKING Berserk.
  3697 | D:4      | Reached skill level 8 in Axes
  3699 | D:4      | Killed Robin
  3712 | D:4      | Reached *** piety under Trog
  3758 | D:4      | Found a sacrificial altar of Ru.
  3758 | D:4      | Found a white marble altar of Elyvilon.
  3810 | D:4      | 3810 ||| Stepping ~*~*~tactically~*~*~ (stealth).
  3844 | D:4      | 3844 ||| Stepping ~*~*~tactically~*~*~ (stealth).
  3854 | D:4      | 3854 ||| Stepping ~*~*~tactically~*~*~ (hiding).
  4029 | D:4      | Reached skill level 9 in Axes
  4104 | D:4      | 4104 ||| Stepping ~*~*~tactically~*~*~ (stealth).
  4106 | D:4      | Reached XP level 7. HP: 59/59 MP: 6/6
  4185 | D:4      | 4185 ||| INVOKING Berserk.
  4400 | D:4      | 4400 ||| INVOKING Berserk.
  4569 | D:4      | 4569 ||| UPGRADING to +3 chain mail of cold resistance.
  4579 | D:4      | 4579 ||| UPGRADING to +0 buckler.
  4584 | D:4      | 4584 ||| UPGRADING to ring of willpower.
  4586 | D:5      | Entered Level 5 of the Dungeon
  4621 | D:5      | Reached skill level 1 in Shields
  4680 | D:5      | 4680 ||| INVOKING Berserk.
  4720 | D:5      | 4720 ||| READING scroll of enchant armour.
  4720 | D:5      | 4720 ||| ENCHANTING +0 cloak.
  4843 | D:5      | Noticed a steam dragon
  4844 | D:5      | 4844 ||| INVOKING Berserk.
  4845 | D:5      | Killed a steam dragon
  4983 | D:5      | 4983 ||| INVOKING Berserk.
  5215 | D:5      | Reached XP level 8. HP: 68/68 MP: 7/7
  5358 | D:5      | Reached skill level 10 in Axes
  5359 | D:5      | 5359 ||| INVOKING Berserk.
  5846 | D:5      | 5846 ||| DRINKING 3 grey potions.
  5847 | D:5      | 5847 ||| DROPPING 2 potions of attraction.
  5866 | D:6      | 5866 ||| PLANNING SEWER
  5890 | D:6      | 5890 ||| INVOKING Berserk.
  5892 | D:6      | Reached skill level 6 in Fighting
  5920 | D:6      | 5920 ||| Stepping ~*~*~tactically~*~*~ (stealth).
  6130 | D:6      | 6130 ||| Stepping ~*~*~tactically~*~*~ (hiding).
  6132 | D:6      | 6132 ||| Stepping ~*~*~tactically~*~*~ (hiding).
  6217 | D:6      | 6217 ||| DROPPING +0 flail.
  6238 | D:6      | Reached skill level 11 in Axes
  6264 | D:6      | Found a staircase to the Ecumenical Temple.
  6330 | D:6      | 6330 ||| INVOKING Berserk.
  6480 | D:6      | Found a glowing drain.
  6481 | D:6      | 6481 ||| UPGRADING to amulet of the acrobat.
  6490 | Sewer    | Entered a sewer
  6578 | Sewer    | 6578 ||| INVOKING Berserk.
  6580 | Sewer    | Reached skill level 12 in Axes
  6581 | Sewer    | Reached XP level 9. HP: 46/78 MP: 8/8
  6808 | Sewer    | 6808 ||| Stepping ~*~*~tactically~*~*~ (water).
  6904 | Sewer    | 6904 ||| DRINKING 2 sedimented amethyst potions.
  6905 | Sewer    | 6905 ||| DRINKING 2 sedimented golden potions.
  6906 | Sewer    | 6906 ||| READING 2 scrolls of identify.
  6906 | Sewer    | 6906 ||| IDENTIFYING inky potion
  6907 | Sewer    | 6907 ||| DROPPING potion of ambrosia.
  6908 | Sewer    | 6908 ||| DROPPING potion of invisibility.
  6923 | D:6      | 6923 ||| PLANNING D:1-11
  7035 | D:6      | Found a sparkling altar of Nemelex Xobeh.
  7036 | D:6      | 7036 ||| Stepping ~*~*~tactically~*~*~ (hiding).
  7408 | D:6      | 7408 ||| UPGRADING to +0 pair of boots.
  7413 | D:6      | 7413 ||| READING scroll labelled WIGURGH QIARPH.
  7414 | D:6      | 7414 ||| DRINKING 2 sedimented green potions.
  7415 | D:6      | 7415 ||| READING 2 scrolls of identify.
  7415 | D:6      | 7415 ||| IDENTIFYING cyan potion
  7416 | D:6      | 7416 ||| DROPPING potion of degeneration.
  7426 | D:7      | 7426 ||| Stepping ~*~*~tactically~*~*~ (stealth).
  7427 | D:7      | 7427 ||| STAIRDANCE
  7474 | D:7      | 7474 ||| STAIRDANCE
  7506 | D:7      | Reached **** piety under Trog
  7543 | D:7      | 7543 ||| INVOKING Berserk.
  7716 | D:7      | 7716 ||| Stepping ~*~*~tactically~*~*~ (hiding).
  7839 | D:7      | 7839 ||| Stepping ~*~*~tactically~*~*~ (stealth).
  7868 | D:7      | Found a flagged portal.
  8011 | D:7      | 8011 ||| Stepping ~*~*~tactically~*~*~ (stealth).
  8012 | D:7      | 8012 ||| Stepping ~*~*~tactically~*~*~ (stealth).
  8013 | D:7      | 8013 ||| Stepping ~*~*~tactically~*~*~ (stealth).
  8018 | D:7      | 8018 ||| INVOKING Berserk.
  8230 | D:7      | Reached skill level 13 in Axes
  8446 | D:7      | 8446 ||| READING 2 scrolls of identify.
  8446 | D:7      | 8446 ||| IDENTIFYING black potion
  8447 | D:7      | 8447 ||| DROPPING potion of flight.
  8518 | D:8      | Found an ornate altar of the Wu Jian Council.
  8847 | D:8      | 8847 ||| Stepping ~*~*~tactically~*~*~ (cloud).
  8849 | D:8      | 8849 ||| INVOKING Berserk.
  8856 | D:8      | 8856 ||| Stepping ~*~*~tactically~*~*~ (cloud).
  8975 | D:8      | Noticed a tengu warrior
  8985 | D:8      | 8985 ||| INVOKING Berserk.
  8986 | D:8      | Killed a tengu warrior
  8987 | D:8      | Reached skill level 14 in Axes
  9241 | D:8      | Noticed a skeletal warrior
  9242 | D:8      | 9242 ||| Stepping ~*~*~tactically~*~*~ (hiding).
  9247 | D:8      | 9247 ||| INVOKING Berserk.
  9252 | D:8      | Reached XP level 10. HP: 88/88 MP: 9/9
  9262 | D:8      | Killed a skeletal warrior
  9274 | D:8      | Reached skill level 3 in Dodging
  9289 | D:8      | HP: 20/86 [wight/+5 spear (5)]
  9290 | D:8      | 9290 ||| READING 7 scrolls of teleportation.
  9291 | D:8      | 9291 ||| DRINKING 3 potions of heal wounds.
  9587 | D:8      | Noticed a gargoyle
  9588 | D:8      | 9588 ||| Stepping ~*~*~tactically~*~*~ (hiding).
  9594 | D:8      | Killed a gargoyle
  9722 | D:8      | 9722 ||| READING 2 scrolls of enchant armour.
  9722 | D:8      | 9722 ||| ENCHANTING +0 pair of boots.
  9723 | D:8      | 9723 ||| READING scroll of enchant armour.
  9723 | D:8      | 9723 ||| ENCHANTING +1 pair of boots.
  9839 | D:8      | 9839 ||| READING scroll labelled XEGGUD YCVYCS.
  9839 | D:8      | Identified a scroll of acquirement
  9839 | D:8      | 9839 ||| ACQUIRING ring of Reimbursement {rF+ Int+3 SInv}
  9839 | D:8      | Acquired the ring of Reimbursement {rF+ Int+3 SInv}
  9841 | D:8      | 9841 ||| UPGRADING to ring of Reimbursement {rF+ Int+3
                  | SInv}.
  9843 | D:8      | 9843 ||| READING scroll labelled JAAROPN KEOL.
  9844 | D:8      | 9844 ||| READING scroll labelled CIFUME NYNTI.
  9845 | D:8      | 9845 ||| DRINKING 2 murky dark potions.
  9846 | D:8      | 9846 ||| READING 2 scrolls of identify.
  9846 | D:8      | 9846 ||| IDENTIFYING metallic brown potion
  9847 | D:8      | 9847 ||| DROPPING potion of brilliance.
  9848 | D:8      | 9848 ||| READING 6 scrolls of teleportation.
  9971 | D:9      | Identified the +0 leather armour of Midnight {rC- Regen+
                  | Dex-5 Stlth+}
 10081 | D:9      | Found the +8 autumn katana {vorpal, manifold assault}
 10122 | D:9      | 10122 ||| Stepping ~*~*~tactically~*~*~ (stealth).
 10123 | D:9      | 10123 ||| Stepping ~*~*~tactically~*~*~ (stealth).
 10163 | D:9      | Noticed a two-headed ogre
 10166 | D:9      | 10166 ||| INVOKING Berserk.
 10171 | D:9      | Killed a two-headed ogre
 10172 | D:9      | Reached skill level 15 in Axes
 10275 | D:9      | Identified the +7 flail of the Endless March {holy, rCorr
                  | SInv}
 10556 | D:9      | Noticed a skeletal warrior
 10556 | D:9      | Noticed a green ugly thing
 10556 | D:9      | Noticed a red ugly thing
 10556 | D:9      | Noticed a boulder beetle
 10557 | D:9      | Noticed a smoke demon
 10557 | D:9      | 10557 ||| Stepping ~*~*~tactically~*~*~ (hiding).
 10561 | D:9      | 10561 ||| INVOKING Berserk.
 10568 | D:9      | Killed a skeletal warrior
 10569 | D:9      | Reached skill level 9 in Fighting
 10586 | D:9      | Killed a boulder beetle
 10587 | D:9      | Reached skill level 16 in Axes
 10587 | D:9      | Reached XP level 11. HP: 96/97 MP: 10/10
 10594 | D:9      | Killed a purple ugly thing
 10596 | D:9      | Killed a purple ugly thing
 10597 | D:9      | Reached skill level 6 in Shields
 10769 | D:9      | Noticed a centaur warrior
 10773 | D:9      | 10773 ||| INVOKING Berserk.
 10775 | D:9      | Killed a centaur warrior
 11021 | D:9      | 11021 ||| DROPPING +0 plate armour.
 11022 | D:9      | 11022 ||| UPGRADING to +2 buckler.
 11032 | D:9      | 11032 ||| DROPPING +0 buckler.
 11033 | D:9      | 11033 ||| UPGRADING to +0 plate armour of cold resistance.
 11043 | D:9      | 11043 ||| DROPPING +3 chain mail of cold resistance.
 11044 | D:9      | 11044 ||| DROPPING ring of protection from cold.
 11045 | D:9      | 11045 ||| DROPPING ring of see invisible.
 11046 | D:9      | 11046 ||| UPGRADING to +4 ring of slaying {mikee}.
 11048 | D:9      | 11048 ||| READING scroll labelled OCYUTO VIBU.
 11049 | D:9      | 11049 ||| READING scroll labelled ASYXIE CYUNI.
 11054 | D:10     | Entered Level 10 of the Dungeon
 11055 | D:10     | 11055 ||| Stepping ~*~*~tactically~*~*~ (hiding).
 11057 | D:10     | 11057 ||| STAIRDANCE
 11077 | D:10     | 11077 ||| STAIRDANCE
 11096 | D:10     | 11096 ||| STAIRDANCE
 11114 | D:10     | 11114 ||| READING scroll of brand weapon.
 11114 | D:10     | 11114 ||| BRANDING +1 broad axe of freezing.
 11201 | D:10     | Noticed Snorg
 11208 | D:10     | 11208 ||| INVOKING Berserk.
 11213 | D:10     | Killed Snorg
 11214 | D:10     | Reached skill level 17 in Axes
 11345 | D:10     | Found a glowing golden altar of the Shining One.
 11346 | D:10     | Found an iron altar of Okawaru.
 11346 | D:10     | Found a shadowy altar of Dithmenos.
 11363 | D:10     | 11363 ||| INVOKING Berserk.
 11500 | D:10     | 11500 ||| INVOKING Berserk.
 11503 | D:10     | Reached skill level 1 in Throwing
 11620 | D:10     | 11620 ||| Stepping ~*~*~tactically~*~*~ (hiding).
 11657 | D:10     | 11657 ||| Stepping ~*~*~tactically~*~*~ (stealth).
 11660 | D:10     | 11660 ||| Stepping ~*~*~tactically~*~*~ (stealth).
 11717 | D:10     | Found a broken altar of Ashenzari.
 11798 | D:10     | Found Qek Oget's General Store.
 11805 | D:10     | 11805 ||| BUYING +0 plate armour of poison resistance (432
                  | gold).
 11805 | D:10     | Bought a +0 plate armour of poison resistance for 432 gold
                  | pieces
 12115 | D:10     | 12115 ||| UPGRADING to +0 plate armour of poison
                  | resistance.
 12125 | D:10     | 12125 ||| READING scroll labelled JIOSICHOALLEM.
 12126 | D:10     | 12126 ||| READING 2 scrolls of identify.
 12126 | D:10     | 12126 ||| IDENTIFYING metallic ruby potion
 12152 | D:11     | Noticed a boulder beetle
 12155 | D:11     | 12155 ||| INVOKING Berserk.
 12169 | D:11     | Killed a boulder beetle
 12170 | D:11     | Reached skill level 9 in Armour
 12212 | D:11     | Noticed a centaur warrior
 12215 | D:11     | 12215 ||| Stepping ~*~*~tactically~*~*~ (hiding).
 12216 | D:11     | Found the +1 cloak of Starlight {*Dazzle EV+4 Stlth--}
 12223 | D:11     | Killed a centaur warrior
 12224 | D:11     | Reached skill level 3 in Throwing
 12342 | D:11     | 12342 ||| Stepping ~*~*~tactically~*~*~ (stealth).
 12343 | D:11     | 12343 ||| Stepping ~*~*~tactically~*~*~ (stealth).
 12348 | D:11     | 12348 ||| Stepping ~*~*~tactically~*~*~ (stealth).
 12351 | D:11     | 12351 ||| Stepping ~*~*~tactically~*~*~ (stealth).
 12459 | D:11     | Noticed an entropy weaver
 12470 | D:11     | Noticed a centaur warrior
 12472 | D:11     | 12472 ||| INVOKING Berserk.
 12473 | D:11     | HP: 34/148 [centaur warrior/arrow (18)]
 12474 | D:11     | Killed an entropy weaver
 12475 | D:11     | Noticed a white ugly thing
 12478 | D:11     | Noticed a brown ugly thing
 12479 | D:11     | 12479 ||| READING 8 scrolls of teleportation.
 12480 | D:11     | 12480 ||| DRINKING 3 potions of heal wounds.
 12480 | D:11     | HP: 9/99 [white ugly thing (32)]
 12481 | D:11     | 12481 ||| DRINKING 2 potions of heal wounds.
 12481 | D:11     | Noticed a fire crab
 12481 | D:11     | a jumping spider changed into a fire crab
 12486 | D:11     | HP: 23/99 [yak (12)]
 12487 | D:11     | 12487 ||| READING 7 scrolls of teleportation.
 12488 | D:11     | 12488 ||| DRINKING potion of heal wounds.
 12489 | D:11     | Noticed Fannar
 12494 | D:11     | 12494 ||| DRINKING potion of cancellation.
 12496 | D:11     | HP: 19/99 [troll (8)]
 12497 | D:11     | 12497 ||| READING 6 scrolls of teleportation.
 12500 | D:11     | Killed from afar by Fannar

Levels and vault maps discovered:
D:1:      amcnicky_arrival_choice, layout_basic
D:2:      layout_loops_cross, nicolae_ecumenical_pavilion, minmay_unequal
D:3:      layout_rooms, grunt_gozag_statues, serial_shops,
          nicolae_shop_advertising_works [nicolae_subvault_shop_adworks],
          kennysheep_generic_room_12
D:4:      layout_loops_ring, amethyst_overflow_temple_binary, uniq_robin
D:5:      layout_loops_corners
D:6:      layout_basic, overflow_temple_1_default, minmay_temple_entry_junction,
          portal_sewer_entry_e
D:7:      layout_basic, enter_bailey_2
D:8:      minmay_opposing_rooms, layout_cave_pods, mainiacjoe_overflow_catwalk
D:9:      minmay_shrinking_squares, layout_long_grid
D:10:     layout_loops_ring, nicolae_ashenzari_skybound,
          gammafunk_temple_overflow_forgotten, serial_shops,
          nicolae_shop_waterfront, uniq_snorg
D:11:     minmay_cut_squares, layout_gridville, lair_entry_dummy,
          grunt_livestock, uniq_fannar

Skill      XL: |  1  2  3  4  5  6  7  8  9 10 11 |
---------------+----------------------------------+-----
Axes           | 4 5 6 7 9 12 14 16 17 | 17.6
Fighting       | 4 5 6 8 9 10 | 10.0
Armour         | 3 4 5 7 9 |  9.4
Shields        | 4 5 6 |  6.5
Dodging        | 3 |  3.2
Throwing       | 3 |  3.1

Action                   |  1- 3 |  4- 6 |  7- 9 | 10-12 || total
-------------------------+-------+-------+-------+-------++-------
Melee: Hand axe          |    73 |     2 |       |       ||    75
       Headbutt          |     7 |    17 |    31 |    51 ||   106
       Broad axe         |       |   122 |   241 |   228 ||   591
       Punch             |       |     1 |       |       ||     1
Throw: Boomerang         |       |       |       |    16 ||    16
Invok: Berserk           |     2 |     3 |    14 |     8 ||    27
  Use: Scroll            |     5 |     5 |     5 |    16 ||    31
       Potion            |       |     3 |     4 |     6 ||    13
Armor: Animal skin       |     7 |       |       |       ||     7
       Ring mail         |     1 |    18 |       |       ||    19
       Plate armour      |       |    33 |     7 |    82 ||   122
       Chain mail        |       |    11 |    96 |    59 ||   166
Dodge: Dodged            |    39 |    54 |    82 |    81 ||   256
Block: Buckler           |       |       |    32 |    68 ||   100

Table legend:
 A = Non-vault XP
 B = Vault XP
 C = Vault XP percentage of total XP
 D = Non-vault monster count
 E = Vault monster count
 F = Vault count percentage of total count
                 A         B        C        D         E       F
            +---------+---------+-------+---------+---------+-------
      Total |   10219 |   11618 |  53.2 |     201 |      57 |  22.1
            +---------+---------+-------+---------+---------+-------
        D:1 |      50 |       0 |   0.0 |      28 |       0 |   0.0
        D:2 |     139 |      15 |   9.7 |      24 |       2 |   7.7
        D:3 |      22 |       4 |  15.4 |       7 |       1 |  12.5
        D:4 |     628 |      36 |   5.4 |      27 |      13 |  32.5
        D:5 |     871 |       0 |   0.0 |      16 |       0 |   0.0
        D:6 |    1127 |       0 |   0.0 |      19 |       0 |   0.0
        D:7 |     694 |       0 |   0.0 |      25 |       0 |   0.0
        D:8 |     440 |    2792 |  86.4 |      12 |       9 |  42.9
        D:9 |    1484 |    4698 |  76.0 |      14 |       8 |  36.4
       D:10 |    3011 |     931 |  23.6 |      21 |       1 |   4.5
       D:11 |    1753 |    2740 |  61.0 |       8 |       3 |  27.3
      Sewer |       0 |     402 | 100.0 |       0 |      20 | 100.0
            +---------+---------+-------+---------+---------+-------
